 Dungeon Crawl Stone Soup version 0.23-a0-183-gf37f6fb (webtiles) character file.

55 mhoghedin the Ruffian (level 3, -3/31 HPs)
             Began as a Centaur Gladiator on Sept 22, 2018.
             Succumbed to an orc wizard's poison
             ... on level 2 of the Dungeon.
             The game lasted 00:02:09 (2229 turns).

mhoghedin the Ruffian (Centaur Gladiator)           Turns: 2229, Time: 00:02:10

Health: -3/31      AC:  6    Str: 17    XL:     3   Next: 67%
Magic:  3/3        EV:  9    Int: 12    God:
Gold:   90         SH:  0    Dex: 10    Spells: 2/2 levels left

rFire    . . .     SeeInvis .     - Unarmed
rCold    . . .     Gourm    .   (no shield)
rNeg     . . .     Faith    .   a - +0 leather armour
rPois    .         Spirit   .   b - +0 helmet
rElec    .         Reflect  .   k - +0 cloak
rCorr    .         Harm     .   (no gloves)
MR       .....                  (no barding)
Stlth    ..........             (no amulet)
HPRegen  0.10/turn              (no ring)
MPRegen  0.08/turn              (no ring)

@: brilliant, lethally poisoned (-3 -> -47), very quick
A: large, hooves 3, deformed body, speed 2, tough skin 3
a: no special abilities


You were on level 2 of the Dungeon.
You were not hungry.

You visited 1 branch of the dungeon, and saw 3 of its levels.

You collected 90 gold pieces.

Inventory:

Missiles
 c - 3 throwing nets {=f, !d}
 l - 39 arrows
Armour
 a - a +0 leather armour (worn)
 b - a +0 helmet (worn)
 k - a +0 cloak (worn)
   (You found it on level 1 of the Dungeon)
Scrolls
 g - a scroll of immolation {unknown}
 h - 2 scrolls of remove curse {unknown}
 o - a scroll of enchant armour {unknown}
 p - a scroll of identify {unknown}
Potions
 e - a potion of haste {unknown}
 f - a potion of cancellation {unknown}
 i - a potion of brilliance
 j - a potion of mutation {unknown}
 m - a potion of curing {unknown}
 n - a potion of heal wounds {unknown}
Comestibles
 d - 3 rations


   Skills:
 + Level 3.2 Fighting
 - Level 2.1 Throwing
 - Level 2.1 Dodging
 + Level 3.9 Unarmed Combat


You had 2 spell levels left.
You didn't know any spells.
Your spell library was empty.

Dungeon Overview and Level Annotations

Branches:
Dungeon (3/15)

Altars:


Innate Abilities, Weirdness & Mutations

You have hooves in place of feet.
Armour fits poorly on your strangely shaped body.
You cover ground very quickly.
You have extremely tough skin. (AC +3)


Message History

You miss the adder. Your kick misses the adder.
You feel sick. The adder bites you.
You are more poisoned.
The adder poisons you!
You take 3 damage, and have 18/31 hp.
You closely miss the adder. Your kick misses the adder.
You feel sick. The adder bites you but does no damage.
You take 1 damage, and have 17/31 hp.
You miss the adder. You kick the adder, but do no damage.
You feel sick. The adder bites you but does no damage.
You take 1 damage, and have 16/31 hp.
You closely miss the adder.
You feel sick. The adder barely misses you. x2
You take 1 damage, and have 15/31 hp.
You closely miss the adder. The adder barely misses you.
You hit the adder.
You kill the adder!
You feel sick.
You take 1 damage, and have 15/31 hp.
You feel sick.
You see here an adder corpse.
You take 1 damage, and have 14/31 hp.
You butcher the adder corpse.
q - a chunk of flesh {@w0} You feel sick.
You take 1 damage, and have 13/31 hp.
You start resting.
You feel sick. x8
You are no longer poisoned.
You take 6 damage, and have 7/31 hp.
You start resting.
All of the chunks of flesh in your inventory have rotted away.
Unknown command.
Health restored: 31 You start waiting.
Done waiting.
There is a stone staircase leading down here.
You can't go up here!
You climb downwards.
The orc wizard mumbles some strange words.
The orc wizard blinks!
The hobgoblin hits you but does no damage.
A kobold comes into view.
The orc hits you but does no damage.
There is a stone staircase leading up here.
The hobgoblin barely misses you.
The orc wizard hits you but does no damage.
You are poisoned.
The orc hits you but does no damage.
The orc priest invokes the aid of Beogh against you.
Beogh smites you!
The hobgoblin shouts!
You climb upwards.
You feel sick.
There is a stone staircase leading down here.
Unknown command.
Unknown command.
Unknown command.
Unknown command.
Unknown command.
You take 17 damage, and have 14/31 hp.
MASSIVE DAMAGE!!
Unknown command.
Here: an orc wizard, wielding a dagger of venom and wearing a robe The floor, spattered with blood.
Unknown command.
You closely miss the orc wizard. You kick the orc wizard.
You feel sick. The hobgoblin barely misses you.
The orc wizard hits you but does no damage.
You are lethally poisoned!
The orc barely misses you.
You take 1 damage, and have 13/31 hp.
Unknown command.
You hit the orc wizard but do no damage.
You kick the orc wizard.
You feel sick.
The orc wizard hits you with a dagger of venom.
You are more poisoned.
The orc hits you with a whip.
* * * LOW HITPOINT WARNING * * *
The hobgoblin hits you but does no damage.
You take 5 damage, and have 8/31 hp.
Unknown command.
You barely miss the orc wizard. Your kick misses the orc wizard.
* * * LOW HITPOINT WARNING * * *
You feel sick.
The orc wizard hits you but does no damage.
You are more poisoned.
The orc hits you with a whip.
* * * LOW HITPOINT WARNING * * *
The hobgoblin barely misses you.
You take 4 damage, and have 4/31 hp.
You barely miss the orc wizard. Your kick misses the orc wizard.
* * * LOW HITPOINT WARNING * * *
You feel sick.
The orc wizard hits you but does no damage.
You are more poisoned.
The orc hits you with a whip.
* * * LOW HITPOINT WARNING * * *
You take 3 damage, and have 1/31 hp.
It was a potion of brilliance.
You feel clever all of a sudden.
You die...

##+## ###.#
######.# #...#
.....#.# #.###
####.#.## #.# ##
#....## #.#
.###.....# #.#
.........## #.#
###.......#######g#
###..#.........o@o#
.....#.##.#########
###.##.##.#
#.##.##.###########
#.......##........#
####.#####.######.#
#.# #.# #.#
######.#####.####
#.#
................#
#.#


You could see an orc wizard, an orc and a hobgoblin.

Vanquished Creatures
  An adder (D:2)
  2 worms (D:2)
  2 dart slugs
  8 goblins
  2 hobgoblins
  4 jackals (D:2)
  A ball python (D:2)
  3 bats (D:1)
  5 frilled lizards
  3 kobolds (D:1)
  6 rats
37 creatures vanquished.

Notes
Turn   | Place    | Note
-------+----------+-------------------------------------------
     0 | D:1      | mhoghedin the Centaur Gladiator began the quest for the
                  | Orb.
     0 | D:1      | Reached XP level 1. HP: 17/17 MP: 1/1
   198 | D:1      | Reached XP level 2. HP: 24/25 MP: 2/2
  1071 | D:2      | Reached XP level 3. HP: 28/30 MP: 3/3
  1199 | D:2      | Reached skill level 3 in Fighting
  1885 | D:2      | HP: 7/31 [poisoned by an adder]
  2227 | D:2      | HP: 7/31 [poisoned by an orc wizard]
  2228 | D:2      | HP: 2/31 [poisoned by an orc wizard]
  2229 | D:2      | Succumbed to an orc wizard's poison

Vault maps used:
D:1:      dpeg_arrival_lava_altar
D:3:      overflow_temple_1_default, first_ration, st_stairs_6, uniq_sigmund

Skill      XL: |  1  2  3 |
---------------+----------+-----
Fighting       | 3 |  3.2
Throwing       | |  2.1
Dodging        | |  2.1
Unarmed Combat | |  3.9

Action                   || total
-------------------------++-------
Melee: Unarmed           ||   114
       Kick              ||    32
       Punch             ||     1
  Use: Potion            ||     1
  Eat: Ration            ||     1
Armor: Leather armour    ||    44
Dodge: Dodged            ||    54

Table legend:
 A = Non-vault XP
 B = Vault XP
 C = Vault XP percentage of total XP
 D = Non-vault monster count
 E = Vault monster count
 F = Vault count percentage of total count
                 A         B        C        D         E       F
            +---------+---------+-------+---------+---------+-------
      Total |      79 |       0 |   0.0 |      37 |       0 |   0.0
            +---------+---------+-------+---------+---------+-------
        D:1 |      35 |       0 |   0.0 |      23 |       0 |   0.0
        D:2 |      44 |       0 |   0.0 |      14 |       0 |   0.0
            +---------+---------+-------+---------+---------+-------

Vault maps used:
D:1:      dpeg_arrival_lava_altar
D:3:      overflow_temple_1_default, first_ration, st_stairs_6, uniq_sigmund

Table legend:
 A = Turns spent in this place as a percentage of turns spent in the entire game.
 B = Non-inter-level travel turns spent in this place as a percentage of non-inter-level travel turns spent in the entire game.
 C = Inter-level travel turns spent in this place as a percentage of turns spent in this place.
 D = Turns resting spent in this place as a percentage of non-inter-level travel turns spent in this place.
 E = Turns spent auto-exploring this place as a percentage of non-inter-level travel turns spent in this place.
 F = Non-inter-level travel turns spent in this place divided by the number of levels of this place that you've seen.
                   A       B       C       D       E      F
               +-------+-------+-------+-------+-------+----------------------
         Total | 100.0 | 100.0 |   5.1 |  25.9 |  63.1 | 705.3
       Dungeon | 100.0 | 100.0 |   5.1 |  25.9 |  63.1 | 705.3
               +-------+-------+-------+-------+-------+----------------------

Table legend:
 A = Kills in this place as a percentage of kills in entire the game.
 B = Kills by you in this place as a percentage of kills by you in the entire game.
 C = Kills by friends in this place as a percentage of kills by friends in the entire game.
 D = Other kills in this place as a percentage of other kills in the entire game.
 E = Experience gained in this place as a percentage of experience gained in the entire game.
 F = Experience gained in this place divided by the number of levels of this place that you have seen.
                   A       B       C       D       E      F
               +-------+-------+-------+-------+-------+----------------------
         Total | 100.0 | 100.0 |   N/A |   N/A | 100.0 |  26.3
       Dungeon | 100.0 | 100.0 |   N/A |   N/A | 100.0 |  26.3
               +-------+-------+-------+-------+-------+----------------------
